 Dungeon Crawl Stone Soup version 0.18-a0-816-g97f838e (webtiles) character file.

130 tof the Skirmisher (level 5, -8/33 HPs)
             Began as a Gargoyle Monk on Dec 15, 2015.
             Killed from afar by Mashchax's ghost (9 damage)
             ... with a puff of flame
             ... on level 3 of the Dungeon.
             The game lasted 00:14:45 (4211 turns).

tof the Skirmisher (Gargoyle Monk)                  Turns: 4211, Time: 00:14:45

Health: -8/33      AC: 10    Str: 15    XL:     5   Next: 13%
Magic:  5/5        EV: 11    Int: 10    God:
Gold:   92         SH:  0    Dex: 13    Spells: 0 memorised, 4 levels left

rFire  . . .     SeeInvis .     r - +0 club
rCold  . . .     Clarity  .     l - +0 ring mail
rNeg   + . .     SustAt   .     (no shield)
rPois  ∞         Gourm    .     (no helmet)
rElec  +         Spirit   .     f - +0 cloak
rCorr  .         Dismiss  .     (no gloves)
rMut   .         Stasis   .     (no boots)
MR     .....                    (no amulet)
Stlth  ++........               (no ring)
                                (no ring)

@: not resistant to hostile enchantments, unstealthy
A: negative energy resistance 1, electricity resistance, unbreathing,
petrification resistance, rot immunity, AC +4
a: no special abilities


You were on level 3 of the Dungeon.
You were hungry.

You visited 1 branch of the dungeon, and saw 3 of its levels.

You collected 92 gold pieces.

Inventory:

Hand Weapons
 r - a +0 club (weapon)
Armour
 a - a +0 robe
 f - a +0 cloak (worn)
 l - a +0 ring mail (worn)
Scrolls
 h - 2 scrolls of remove curse {unknown}
 i - 2 scrolls of identify {unknown}
 j - a scroll of teleportation {unknown}
 k - a scroll of immolation {unknown}
 o - a scroll of recharging {unknown}
 p - a scroll of amnesia {unknown}
Potions
 e - 4 potions of haste {unknown}
 n - 2 potions of flight {unknown}
 q - a potion of ambrosia {unknown}
Comestibles
 b - 3 bread rations
 c - 8 chunks of flesh
 g - a meat ration
 m - a beef jerky


   Skills:
 + Level 4.2 Fighting
 * Level 2.0 Maces & Flails
 + Level 1.4 Armour
 - Level 2.5 Dodging
 * Level 3.6 Stealth
 - Level 4.1 Unarmed Combat


You had 4 spell levels left.
You didn't know any spells.

Dungeon Overview and Level Annotations

Branches:
Dungeon (3/15)

Altars:
Cheibriados
Gozag
Qazlal
Yredelemnul
Zin

Annotations:
D:3 Mashchax's ghost, amateur DEFE


Innate Abilities, Weirdness & Mutations

You are resistant to torment.
Your stone body is resilient (AC +4).
You are immune to poison.
You resist negative energy.
You are resistant to electric shocks.
You can survive without breathing.
You are immune to petrification.
You are immune to rotting.


Message History

You hit Mashchax's ghost.
Mashchax's ghost is severely damaged.
Mashchax's ghost hits you but does no damage.
You hit Mashchax's ghost but do no damage.
Mashchax's ghost is severely damaged.
Mashchax's ghost casts a spell at you. The puff of flame hits you!
* * * LOW HITPOINT WARNING * * *
You hit Mashchax's ghost but do no damage.
Mashchax's ghost is severely damaged.
Mashchax's ghost keens inconsolably.
Mashchax's ghost barely misses you. x2
You hit Mashchax's ghost.
Mashchax's ghost is almost destroyed.
Mashchax's ghost hits you but does no damage.
You hit Mashchax's ghost but do no damage.
Mashchax's ghost is almost destroyed.
Mashchax's ghost gestures at you while chanting.
The puff of flame hits you!
You die...

#...#..# # ##.........###
##.###.# #.##.##.#......####
##.#.#####..................
#.......###########...#.####
#.#.###.....# #.###.# ...#.#
#####<#### #.###.# #####.#
#.......# #.....# #.#
#..#.##.# ####### #.# #..#@#
# #.# #. #W# ... #. #h# .
... .. ... ##.#. ..#. .##.#


You could see Mashchax's ghost and a jackal.

Vanquished Creatures
  Robin (D:3)
  3 adders
  2 oozes (D:1)
  A worm (D:2)
  A giant gecko (D:2)
  3 orcs (D:3)
  10 goblins
  16 hobgoblins
  8 jackals
  4 kobolds
  2 quokkas
  4 bats
  6 giant cockroaches
  5 giant newts
  8 rats
74 creatures vanquished.

Notes
Turn   | Place    | Note
--------------------------------------------------------------
     0 | D:1      | tof the Gargoyle Monk began the quest for the Orb.
     0 | D:1      | Reached XP level 1. HP: 14/14 MP: 1/1
   319 | D:1      | Reached XP level 2. HP: 19/19 MP: 2/2
  1240 | D:1      | Reached XP level 3. HP: 10/24 MP: 3/3
  1762 | D:2      | Reached skill level 1 in Maces & Flails
  1829 | D:2      | Found a stormy altar of Qazlal.
  2429 | D:2      | Reached XP level 4. HP: 24/29 MP: 4/4
  2546 | D:2      | Found a snail-covered altar of Cheibriados.
  2546 | D:2      | Found a basalt altar of Yredelemnul.
  2781 | D:2      | Found a glowing silver altar of Zin.
  2783 | D:2      | Found an opulent altar of Gozag.
  3410 | D:3      | Noticed Robin
  3438 | D:3      | Killed Robin
  3464 | D:3      | Reached skill level 1 in Armour
  3692 | D:3      | Reached XP level 5. HP: 22/33 MP: 5/5
  3843 | D:3      | Noticed Mashchax's ghost (amateur DEFE)
  4208 | D:3      | HP: 1/33 [Mashchax's ghost/puff of flame (4)]
  4211 | D:3      | Killed from afar by Mashchax's ghost

Vault maps used:
D:1:      onia_arrival_mini_maze_b
D:2:      gammafunk_temple_overflow_pools, overflow_temple_1_default,
          grunt_temple_overflow_gold_and_silver, kennysheep_generic_room_12
D:3:      first_bread, uniq_robin

Action                   |  1- 3 |  4- 6 || total
-------------------------+-------+-------++-------
Melee: Unarmed           |    21 |       ||    21
       Club              |   164 |   267 ||   431
 Stab: Sleeping          |     6 |     1 ||     7
       Distracted        |       |     1 ||     1
  Eat: Fruit             |     2 |       ||     2
       Chunk             |     3 |     6 ||     9
